 Dungeon Crawl Stone Soup version 0.31-a0-1616-gbeaec30 (webtiles) character file.

Game seed: 15554821801097343872

32 Dorkslayer the Ducker (level 3, -3/26 HPs)
             Began as an Octopode Fighter on Jan 10, 2024.
             Killed from afar by Natasha (6 damage)
             ... with a magic dart
             ... on level 2 of the Dungeon.
             The game lasted 00:01:35 (925 turns).

Dorkslayer the Ducker (Octopode Fighter)             Turns: 925, Time: 00:01:35

Health: -3/26      AC:  1    Str: 15    XL:     3   Next: 25%
Magic:  3/3        EV: 13    Int: 10    God:
Gold:   67         SH:  4    Dex: 13    Spells: 2/2 levels left

rFire   . . .        a - +0 long sword
rCold   . . .        b - +0 buckler
rNeg    . . .        (helmet restricted)
rPois   .            (no amulet)
rElec   .            (no ring)
rCorr   .            (no ring)
SInv    .            (no ring)
Will    .....        (no ring)
Stlth   ++           (no ring)
HPRegen 0.24/turn    (no ring)
MPRegen 0.08/turn    (no ring)
                     (no ring)

%: no passive effects
@: lethally poisoned (-3 -> -19)
A: almost no armour, amphibious, 8 rings, camouflage 1, gelatinous body 1,
(nimble swimmer 1), tentacles
a: no special abilities


You were on level 2 of the Dungeon.
You visited 1 branch of the dungeon, and saw 2 of its levels.

You collected 67 gold pieces.

Inventory:

Hand Weapons
 a - a +0 long sword (weapon)
Armour
 b - a +0 buckler (worn)
Scrolls
 d - a scroll of poison {unknown}
 e - a scroll of noise {unknown}
 h - a scroll of identify {unknown}
 i - a scroll of silence {unknown}
Potions
 c - 3 potions of might
 f - a potion of lignification {unknown}
 g - a potion of brilliance {unknown}


   Skills:
 + Level 3.3 Fighting
 + Level 2.1 Long Blades
 * Level 3.7 Dodging
 + Level 3.2 Shields


You had 2 spell levels left.
You didn't know any spells.
Your spell library contained the following spells:

 Spells                   Type           Power      Damage    Failure   Level
 Call Canine Familiar     Summ           0%         N/A       83%         3
 Sticky Flame             Fire/Alch      0%         2d4       99%         4
 Dragon's Call            Summ           0%         N/A       100%        9


Dungeon Overview and Level Annotations

Branches:
Dungeon (2/15)

Altars:

Annotations:
D:2 Natasha


Innate Abilities, Weirdness & Mutations

You cannot wear most types of armour.
You are amphibious.
You can wear up to eight rings at the same time.
Your skin changes colour to match your surroundings (Stealth+).
Your rubbery body absorbs attacks. (AC +1, EV +1)
((You are camouflaged when in or above water. (Stealth+)))
You have tentacles for arms and can constrict up to eight enemies at once.


Message History

The helpless endoplasm fails to defend itself.
You hit the endoplasm.
You kill the endoplasm!
You closely miss the rat. You grab the rat. You squeeze the rat.
You kill the rat!
Found 9 gold pieces.
Found a stone staircase leading down.
Found 10 gold pieces.
You now have 67 gold pieces (gained 9).
Natasha and a kobold come into view.
Found 7 stones.
Natasha hisses angrily.
An adder comes into view.
Natasha growls.
There is a stone staircase leading down here.
The adder hisses angrily.
You see here 10 gold pieces.
The adder bites you but does no damage. Natasha completely misses you.
The adder bites you.
You are poisoned.
The adder poisons you!
You barely miss Natasha. Your grab misses Natasha.
You feel very sick. Natasha completely misses you. The adder bites you.
You are more poisoned.
The adder poisons you! Natasha claws you!
You slash Natasha! Your grab misses Natasha. Your squeeze misses Natasha.
Natasha is heavily wounded.
You feel very sick. The adder bites you.
* * * LOW HITPOINT WARNING * * *
You are more poisoned.
The adder poisons you! The adder bites you.
* * * LOW HITPOINT WARNING * * *
You are more poisoned.
The adder poisons you!
Natasha stares at you and mumbles some strange words.
The magic dart hits you.
You die...
Natasha begins licking her fur clean.

..##.# ######...... #.#
#...........
..###..###...........
.............(.......
........#......K.....
.............Sh....#
#..........##.@....# $
#>..........>$.....#
.##................#.#
....#####..............
.#..#.............#.....
......##..........#.....
.........#..##.#.##.....
.....#####..##...##.###.
.....#####...##..##.# .#


You could see Natasha, an adder and a kobold.

Vanquished Creatures
  A dart slug (D:1)
  3 ball pythons (D:1)
  3 endoplasms
  2 giant cockroaches (D:1)
  2 hobgoblins (D:1)
  4 jackals (D:1)
  3 kobolds (D:1)
  2 quokkas
  2 bats
  2 frilled lizards (D:1)
  4 rats
28 creatures vanquished.

Notes
Turn   | Place    | Note
-------+----------+-------------------------------------------
     0 | D:1      | Dorkslayer the Octopode Fighter began the quest for the
                  | Orb.
     0 | D:1      | Reached XP level 1. HP: 16/16 MP: 1/1
   137 | D:1      | Reached XP level 2. HP: 20/21 MP: 2/2
   165 | D:1      | Got Asmodeus's Compilation of Assistive Sparks
   361 | D:1      | Found a faded altar of an unknown god.
   370 | D:1      | Reached XP level 3. HP: 20/26 MP: 3/3
   920 | D:2      | Noticed Natasha
   925 | D:2      | Killed from afar by Natasha

Illustrated notes

Levels and vault maps discovered:
D:1:      nzn_arrival_crosshair, layout_basic, chequers_ecumenical_altar_simple
D:2:      layout_rooms, serial_shops, shop, uniq_natasha

Action                     || total
---------------------------++-------
  Melee: Long sword        ||    55
         Constrict         ||    13
         Tentacles         ||     5
         Punch             ||     1
   Stab: Sleeping          ||     3
 Armour: Skin              ||    20
  Dodge: Dodged            ||    33
  Block: Buckler           ||    12

Table legend: (Time is in decaauts)
 A = Elapsed time spent in this place.
 B = Non-inter-level travel time spent in this place.
 C = Inter-level travel time spent in this place.
 D = Time resting spent in this place.
 E = Time spent auto-exploring this place.
 F = Levels seen in this place.
 G = Mean time per level.
                   A        B        C        D        E       F      G
               +--------+--------+--------+--------+--------+-----+--------+
         Total |    943 |    943 |      0 |      0 |    601 |   2 |  471.5 |
       Dungeon |    943 |    943 |      0 |      0 |    601 |   2 |  471.5 |
               +--------+--------+--------+--------+--------+-----+--------+

Top non-repeatable levels by time:
     D:1: 874 daAuts
     D:2: 68 daAuts
